 Dungeon Crawl Stone Soup version 0.19.1 (webtiles) character file.

12599 Baldric the Fighter (level 11, -2/74 HPs)
             Began as a Gargoyle Berserker on July 21, 2017.
             Was a High Priest of Trog.
             Killed from afar by readman's ghost (46 damage)
             ... with a bolt of fire
             ... on level 2 of the Lair of Beasts.
             The game lasted 01:14:39 (11507 turns).

Baldric the Fighter (Gargoyle Berserker)           Turns: 11507, Time: 01:14:39

Health: -2/74      AC: 19    Str: 20    XL:     11   Next: 95%
Magic:  11/11      EV: 13    Int:  9    God:    Trog [*****.]
Gold:   408        SH: 14    Dex: 12    Spells: 0 memorised, 10 levels left

rFire  . . .     SeeInvis +     t - +5 flail (crush)
rCold  . . .     Gourm    .     d - +0 ring mail
rNeg   + . .     Faith    .     i - +0 shield
rPois  ∞         Spirit   .     H - +0 helmet {SInv}
rElec  +         Reflect  +     h - +1 cloak
rCorr  .         Harm     .     (no gloves)
MR     .....                    u - +0 pair of boots
Stlth  ++........               v - +3 amulet of reflection
                                (no ring)
                                M - ring of stealth

@: no status effects
A: negative energy resistance 1, electricity resistance, unbreathing,
petrification resistance, rot immunity, AC +7
a: Berserk, Trog's Hand, Brothers in Arms, Burn Spellbooks, Renounce Religion


You were on level 2 of the Lair of Beasts.
You worshipped Trog.
Trog was extremely pleased with you.
You were full.

You visited 2 branches of the dungeon, and saw 12 of its levels.

You collected 796 gold pieces.
You spent 388 gold pieces at shops.

Inventory:

Hand Weapons
 t - a +5 flail of crushing (weapon)
 N - a +4 dire flail of holy wrath
 P - a +0 flail of venom
Armour
 d - a +0 ring mail (worn)
 h - a +1 cloak (worn)
 i - a +0 shield (worn)
 u - a +0 pair of boots (worn)
 H - a +0 helmet of see invisible (worn)
 S - a +1 chain mail of fire resistance
Jewellery
 a - an uncursed amulet of regeneration
 o - an uncursed amulet of harm {unknown}
 v - a +3 amulet of reflection (around neck)
 M - a ring of stealth (left hand)
Wands
 n - a wand of acid (0/15)
 s - a wand of teleportation (1/9)
 w - a wand of random effects (27/48)
 C - a wand of random effects (26/48)
 K - a wand of lightning (1/15)
 R - a wand of slowing (21/48)
Scrolls
 c - 4 scrolls of teleportation
 f - 4 scrolls of immolation
 k - a scroll of noise
 p - 3 scrolls of recharging
 q - 3 scrolls of remove curse
 J - 3 scrolls of blinking
Potions
 b - 2 potions of ambrosia
 e - 3 potions of berserk rage
 j - 5 potions of curing
 m - a potion of lignification
 r - 2 potions of heal wounds
 x - 3 potions of might
 B - 2 potions of cure mutation
 E - a potion of flight
 I - a potion of cancellation
 Q - a potion of agility
Miscellaneous
 y - a disc of storms
Comestibles
 g - 6 meat rations
 l - 7 bread rations


   Skills:
 + Level 11.5 Fighting
 * Level 9.6 Maces & Flails
 + Level 8.5 Armour
 + Level 6.7 Dodging
 + Level 7.8 Shields


You had 10 spell levels left.
You didn't know any spells.

Dungeon Overview and Level Annotations

Branches:
Dungeon (10/15)            Temple (0/1) D:7            Lair (2/6) D:10
  Swamp: Lair:2-4    Shoals: Lair:2-4     Snake: Lair:2-4    Spider: Lair:2-4
    Orc: D:9-12

Altars:
Ashenzari
Fedhas
Qazlal
Trog
Uskayaw
Vehumet
Zin
Beogh

Shops:
D:4 =   D:7 *   D:8 [(}[}

Annotations:
Lair:2 readman's ghost, journeyman HEWz


Innate Abilities, Weirdness & Mutations

You are resistant to torment.
Your stone body is resilient. (AC +7)
You are immune to poison.
You resist negative energy. (rN+)
You are resistant to electric shocks. (rElec)
You can survive without breathing.
You are immune to petrification.
You are immune to rotting.


Message History

You barely miss readman's ghost.
Readman's ghost is severely damaged.
You block readman's ghost's attack.
You miss readman's ghost.
Readman's ghost is severely damaged.
Readman's ghost points at you and mumbles some strange words.
The shard of ice reflects off an invisible shield around you!
The shard of ice hits readman's ghost.
You hit readman's ghost but do no damage.
Readman's ghost is almost destroyed.
Readman's ghost hits you.
You miss readman's ghost.
Readman's ghost is almost destroyed.
Readman's ghost hits you but does no damage.
You completely miss readman's ghost.
Readman's ghost is almost destroyed.
Readman's ghost points at you and mumbles some strange words.
The bolt of fire hits you!
Ouch! That really hurt!
You die...

**** **,* **,**,≈,,*≈,,,,,,***
*,* ***,,,#...≈*,,,** * ******#.*
****....≈,,*** * ***,*..##.#*
#####.....,,,** **
,,,,,......####P..#P.)#,*,,,* *,
**P.*,#.#.............#**,,,****,
*#.#,*#.............#* **,,,,,,,
#..#**#........W...# *,***,,,
#...*##.......@....# *,* ****
###.P.##.............#* **,* *
.#P...#.#............P# *,,** *
......................# *,,,* *
.....................##***,** *
.......................,,,,* *
..........##.#.##......#,*,* *
...........#####*###.#.#**,******
..........## *.#***,,,*,,,*


You could see readman's ghost.

Vanquished Creatures
  2 hydras
  The ghost of Winey the Twirler, a novice GrWz (Lair:1)
  The ghost of Baldric the Fighter, a novice GrBe of Trog (D:7)
  An unseen horror (D:10)
  Joseph (Lair:1)
  A centaur zombie (D:10)
  A black mamba (Lair:1)
  A komodo dragon (Lair:1)
  A hornet (D:10)
  5 blink frogs (Lair:1)
  2 dream sheep (D:8)
  3 hippogriffs
  Sigmund (D:5)
  2 yaks (D:8)
  A wyvern (D:10)
  A basilisk (Lair:1)
  A hungry ghost (D:9)
  A steam dragon (D:8)
  Menkaure (D:5)
  Edmund (D:5)
  Duvessa (D:6)
  3 water moccasins (Lair:1)
  4 porcupines
  4 orc warriors
  2 sky beasts
  An ice beast (D:7)
  A phantom (D:7)
  6 ogres
  2 centaurs
  A crocodile (Lair:1)
  4 big kobolds
  6 bullfrogs
  A gnoll sergeant (D:8)
  A water moccasin zombie (D:10)
  A scorpion (D:6)
  Dowan (D:6)
  12 wights
  7 crimson imps
  3 hounds
  A bullfrog skeleton (D:4)
  6 orc wizards
  4 orc priests
  3 centaur skeletons
  An iguana (D:5)
  6 worker ants
  11 gnolls
  4 river rats (D:10)
  9 adders
  An ooze (D:5)
  2 adder skeletons
  An adder zombie (D:9)
  5 worms
  2 dart slugs
  7 leopard geckos
  37 orcs
  10 bats
  6 giant cockroaches
  6 goblins
  10 hobgoblins
  13 jackals
  4 quokkas
  A ball python (D:1)
  9 frilled lizards
  9 kobolds
  A quokka skeleton (D:9)
  15 rats
  3 fungi (D:10)
277 creatures vanquished.

Vanquished Creatures (others)
  A centaur (D:8)
  A fungus (Lair:1)
2 creatures vanquished.

Grand Total: 279 creatures vanquished

Notes
Turn   | Place    | Note
-------+----------+-------------------------------------------
     0 | D:1      | Baldric the Gargoyle Berserker began the quest for the Orb.
     0 | D:1      | Reached XP level 1. HP: 14/14 MP: 1/1
   115 | D:1      | Reached XP level 2. HP: 18/19 MP: 2/2
   741 | D:1      | Reached XP level 3. HP: 19/23 MP: 3/3
   834 | D:2      | Found a radiant altar of Vehumet.
   845 | D:2      | Found a shattered altar of Ashenzari.
   859 | D:2      | Reached XP level 4. HP: 8/29 MP: 4/4
  1222 | D:2      | Found a blossoming altar of Fedhas.
  1241 | D:2      | Reached skill level 4 in Fighting
  1244 | D:2      | Reached ** piety under Trog
  1989 | D:3      | Reached XP level 5. HP: 33/34 MP: 5/5
  2160 | D:3      | Found a faded altar of an unknown god.
  2419 | D:3      | You fall through a shaft for 3 floors!
  2458 | D:5      | Entered Level 5 of the Dungeon
  2561 | D:5      | Noticed a centaur
  2575 | D:5      | Killed a centaur
  2575 | D:5      | Reached skill level 5 in Fighting
  2575 | D:5      | Reached skill level 1 in Shields
  2575 | D:5      | Reached XP level 6. HP: 24/40 MP: 6/6
  2977 | D:5      | Noticed Edmund
  2998 | D:5      | Killed Edmund
  2998 | D:5      | Reached XP level 7. HP: 45/45 MP: 7/7
  3098 | D:4      | Reached skill level 6 in Fighting
  3358 | D:4      | Found Qucof's Jewellery Emporium.
  3363 | D:4      | Bought a +3 amulet of reflection for 250 gold pieces
  4014 | D:4      | Reached *** piety under Trog
  4024 | D:4      | Reached XP level 8. HP: 44/52 MP: 8/8
  4386 | D:5      | Noticed Sigmund
  4392 | D:5      | Killed Sigmund
  4392 | D:5      | Reached skill level 5 in Maces & Flails
  4456 | D:5      | Reached skill level 7 in Fighting
  4618 | D:5      | Noticed Menkaure
  4629 | D:5      | Killed Menkaure
  4633 | D:5      | Found a glowing silver altar of Zin.
  4955 | D:6      | Reached skill level 5 in Armour
  5074 | D:6      | Found a bloodstained altar of Trog.
  5269 | D:6      | Reached XP level 9. HP: 59/59 MP: 9/9
  5341 | D:6      | Reached skill level 8 in Fighting
  5384 | D:6      | Noticed Dowan
  5390 | D:6      | Killed Dowan
  5391 | D:6      | Noticed Duvessa
  5407 | D:6      | Killed Duvessa
  5750 | D:7      | Found a staircase to the Ecumenical Temple.
  5886 | D:7      | Noticed Baldric's ghost (novice GrBe)
  5905 | D:7      | Killed Baldric's ghost
  6103 | D:7      | Found Maeru's Assorted Antiques.
  6244 | D:7      | Reached skill level 9 in Fighting
  6350 | D:7      | Received a gift from Trog
  6399 | D:7      | Reached skill level 5 in Shields
  6608 | D:8      | Found Famunwit's Armour Emporium.
  6627 | D:8      | Found Olohischonic's Gadget Boutique.
  6630 | D:8      | Bought a +0 helmet of see invisible for 138 gold pieces
  6668 | D:8      | Found Bipyttoog's Gadget Boutique.
  6694 | D:8      | Found Miaff's Antique Weapon Shoppe.
  6732 | D:8      | Reached skill level 5 in Dodging
  6806 | D:8      | Found Pikkaq's Armour Shop.
  6935 | D:8      | Reached XP level 10. HP: 55/67 MP: 10/10
  6979 | D:8      | Noticed a two-headed hydra
  6992 | D:8      | Killed a two-headed hydra
  6992 | D:8      | Reached skill level 10 in Fighting
  7277 | D:8      | Reached **** piety under Trog
  7293 | D:8      | Found a hide-covered altar of Uskayaw.
  7294 | D:8      | Found a stormy altar of Qazlal.
  8693 | D:9      | Reached XP level 11. HP: 73/73 MP: 11/11
  8872 | D:10     | Entered Level 10 of the Dungeon
  9112 | D:10     | Found a staircase to the Lair.
  9350 | D:10     | Reached skill level 11 in Fighting
  9356 | D:10     | Found a roughly hewn altar of Beogh.
  9377 | D:10     | Reached ***** piety under Trog
  9420 | D:10     | Noticed an unseen horror
  9442 | D:10     | Killed an unseen horror
  9951 | Lair:1   | Entered Level 1 of the Lair of Beasts
  9953 | Lair:1   | Noticed Winey's ghost (novice GrWz)
  9957 | Lair:1   | Noticed Joseph
  9969 | Lair:1   | Killed Winey's ghost
  9976 | Lair:1   | Killed Joseph
 11122 | Lair:1   | Noticed an eight-headed hydra
 11133 | Lair:1   | Killed an eight-headed hydra
 11443 | Lair:2   | Noticed readman's ghost (journeyman HEWz)
 11507 | Lair:2   | Killed from afar by readman's ghost

Skill      XL: |  1  2  3  4  5  6  7  8  9 10 11 |
---------------+----------------------------------+-----
Dodging        | 2 3 4 5 6 |  6.7
Fighting       | 4 5 6 7 9 10 11 | 11.5
Armour         | 3 4 5 6 7 8 |  8.5
Shields        | 1 2 4 5 6 7 |  7.8
Maces & Flails | 4 5 6 7 9 |  9.6

Action                   |  1- 3 |  4- 6 |  7- 9 | 10-12 || total
-------------------------+-------+-------+-------+-------++-------
Melee: Mace              |    82 |   258 |       |       ||   340
       Flail             |       |       |   271 |   410 ||   681
       Dire flail        |       |       |       |    93 ||    93
Invok: Berserk           |     1 |     2 |     1 |     4 ||     8
       Trog's Hand       |       |     1 |     5 |     2 ||     8
       Burn Spellbooks   |       |       |       |     1 ||     1
Evoke: Wand              |       |       |     1 |     5 ||     6
  Use: Scroll            |       |    12 |     6 |    12 ||    30
       Potion            |       |     2 |     4 |     2 ||     8
  Eat: Meat ration       |       |     2 |     1 |     1 ||     4
       Bread ration      |       |     1 |     1 |       ||     2
       Fruit             |       |       |     4 |    12 ||    16
       Beef jerky        |       |       |     1 |       ||     1
       Pizza             |       |       |       |     7 ||     7
Armor: Animal skin       |    18 |       |       |       ||    18
       Ring mail         |    14 |   118 |    65 |    67 ||   264
       Leather armour    |       |       |    23 |   103 ||   126
Dodge: Dodged            |    53 |   111 |    73 |   201 ||   438
Block: Shield            |       |    79 |   137 |   269 ||   485
       Reflection        |       |       |     2 |     5 ||     7
       Other             |       |       |       |    15 ||    15
